 Dungeon Crawl Stone Soup version 0.28-a0-1518-gbe868bca14 (webtiles) character file.

Game seed: 1751690439014422767

1639 Atlas the Chiller (level 8, -4/58 HPs)
             Began as a Demonspawn Ice Elementalist on Jan 16, 2022.
             Was an Initiate of Vehumet.
             Killed from afar by an electric eel (8 damage)
             ... with a bolt of electricity
             ... on level 6 of the Dungeon.
             The game lasted 00:06:25 (6359 turns).

Atlas the Chiller (Demonspawn Ice Elementalist)     Turns: 6359, Time: 00:06:26

Health: -4/58      AC: 10    Str:  9    XL:     8   Next: 66%
Magic:  15/15      EV: 12    Int: 19    God:    Vehumet [......]
Gold:   276        SH:  5    Dex: 13    Spells: 9/17 levels left

rFire   . . .      SeeInvis .   v - +4 halberd
rCold   + . .      Faith    .   (shield currently unavailable)
rNeg    . . .      Spirit   .   f - +0 leather armour
rPois   .          Reflect  +   (no helmet)
rElec   .          Harm     .   n - scarf {repulsion}
rCorr   .          Rampage  .   (no gloves)
Will    .....                   d - +0 pair of boots
Stlth   ++........              r - amulet of reflection
HPRegen 0.19/turn               c - +4 ring of protection
MPRegen 0.14/turn               l - ring of protection from cold

@: repel missiles
A: icy blue scales 1, spiny 1, weakness stinger 2
a: Renounce Religion


You were on level 6 of the Dungeon.
You worshipped Vehumet.
Vehumet was noncommittal.
You visited 2 branches of the dungeon, and saw 7 of its levels.

You collected 276 gold pieces.

Inventory:

Hand Weapons
 g - a +3 short sword
 v - a +4 halberd (weapon)
Armour
 d - a +0 pair of boots (worn)
 f - a +0 leather armour (worn)
 n - a scarf of repulsion (worn)
Jewellery
 c - a +4 ring of protection (left hand)
 l - a ring of protection from cold (right hand)
 r - an amulet of reflection (around neck)
Scrolls
 b - a scroll of blinking {unknown}
 e - 5 scrolls of teleportation {unknown}
 h - a scroll of fear {unknown}
 j - 3 scrolls of identify {unknown}
 k - 3 scrolls of enchant armour {unknown}
 o - a scroll of amnesia {unknown}
 p - 2 scrolls of torment {unknown}
 s - a scroll of enchant weapon {unknown}
 t - a scroll of brand weapon {unknown}
 u - a scroll of noise {unknown}
Potions
 a - 4 potions of attraction {unknown}
 i - a potion of heal wounds
 q - a potion of haste {unknown}


   Skills:
 + Level 3.0 Fighting
 + Level 4.3 Short Blades
 + Level 1.2 Polearms
 + Level 2.7 Armour
 + Level 3.6 Dodging
 - Level 2.0 Stealth
 + Level 0.9 Shields
 + Level 0.1 Unarmed Combat
 + Level 5.1 Spellcasting
 + Level 6.0 Ice Magic


You had 9 spell levels left.
You knew the following spells:

 Your Spells              Type           Power      Damage    Failure   Level
a - Freeze                Ice            100%       1d11      1%          1
b - Frozen Ramparts       Ice            54%        1d7       4%          3
c - Ozocubu's Armour      Ice            27%        N/A       4%          3
p - Sandblast             Erth           8%         2d5       17%         1

Your spell library contained the following spells:

 Spells                   Type           Power      Damage    Failure   Level
 Magic Dart               Conj           16%        1d3       17%         1
 Passwall                 Tmut/Erth      3%         N/A       26%         2
 Searing Ray              Conj           8%         2d4       26%         2
 Hailstorm                Conj/Ice       16%        3d6       43%         4
 Stone Arrow              Conj/Erth      8%         3d7       45%         3
 Fulminant Prism          Conj/Hex       2%         3d6       86%         4


Dungeon Overview and Level Annotations

Branches:
Dungeon (6/15)             Temple (1/1) D:5

Altars:
Cheibriados
Sif Muna
Trog
Uskayaw
Vehumet
Yredelemnul

Shops:
D:5 [

Annotations:
D:4 2 transporters, a3don's ghost, amateur DjFE


Innate Abilities, Weirdness & Mutations

You are partially covered in icy blue scales. (AC +2)
You are partially covered in sharp spines.
You have a tail ending in a sharp stinger.


Message History

The orc shouts!
The electric eel shoots out a bolt of lightning at you!
The bolt of electricity misses you.
The orc shouts!
You puncture the orc priest!
The orc priest is heavily wounded.
The orc priest splashes around in the water.
You slash the orc priest!
You kill the orc priest!
Vehumet accepts your kill.
You hear a splash.
The electric eel shoots out a bolt of lightning at you!
The bolt of electricity hits the orc!
The orc dies!
You hear a splash.
The bolt of electricity hits you!
The electric eel shoots out a bolt of lightning at you!
The bolt of electricity hits you!
Your Fighting skill increases to level 3!
The electric eel shoots out a bolt of lightning at you!
The bolt of electricity hits you!
The electric eel shoots out a bolt of lightning at you!
The bolt of electricity hits you!
* * * LOW HITPOINT WARNING * * *
The electric eel shoots out a bolt of lightning at you!
The bolt of electricity hits you!
* * * LOW HITPOINT WARNING * * *
The electric eel shoots out a bolt of lightning at you!
The bolt of electricity misses you.
You see here 2 green potions.
Unknown command.
As you read the scroll labelled ZUXTIR ORAFI, it crumbles to dust.
You feel aware of your surroundings.
You sensed 1 altar.
It was a scroll of magic mapping.
The electric eel shoots out a bolt of lightning at you!
The bolt of electricity misses you. The orc hits you with a +0 hand axe.
* * * LOW HITPOINT WARNING * * *
The electric eel shoots out a bolt of lightning at you!
The bolt of electricity hits you!
You die...

#.>........#.........
##.........###.##....
##.....#..##..###..)
###.###..##.####...
#...##.#..........
##>..#.....##.##..
###.............#..
#.......##.....##..
###o@)....##.....#...
###....................
*#......................
#....8≈o≈≈≈≈≈≈≈8...♣....
#...?≈S≈≈≈≈≈≈≈≈≈,,,,,...
#....≈≈≈S≈≈≈≈≈≈≈,,,*,,*,
##...≈≈≈≈≈≈≈≈≈≈≈,,,,,,*,
##..≈≈≈≈8≈8≈≈≈≈,,,*,,*,
#..≈≈≈≈≈⌠≈≈≈≈≈,,,,,,,,


You could see 2 electric eels and 2 orcs.

Vanquished Creatures
  Grinder (D:4)
  Eustachio (D:3)
  Menkaure (D:6)
  A sky beast (D:5)
  A necrophage (D:4)
  2 ogres
  A centaur (D:5)
  A bullfrog (D:4)
  2 scorpions
  A water moccasin zombie (D:6)
  3 wights (D:6)
  2 bullfrog zombies
  2 orc priests (D:6)
  A jelly (D:5)
  A centaur skeleton (D:5)
  Terence (D:2)
  An iguana (D:5)
  A hound skeleton (D:4)
  2 adders (D:4)
  A shadow imp (D:5)
  A white imp (D:6)
  3 worms
  2 adder skeletons (D:4)
  20 orcs
  5 bats
  4 endoplasms
  A giant cockroach (D:1)
  10 hobgoblins
  3 jackals (D:1)
  3 quokkas
  11 ball pythons
  3 frilled lizards
  8 goblins
  6 kobolds
  4 rats
111 creatures vanquished.

Vanquished Creatures (others)
  An orc (D:6)
  2 plants (D:3)
3 creatures vanquished.

Grand Total: 114 creatures vanquished

Notes
Turn   | Place    | Note
-------+----------+-------------------------------------------
     0 | D:1      | Atlas the Demonspawn Ice Elementalist began the quest for
                  | the Orb.
     0 | D:1      | Reached XP level 1. HP: 13/13 MP: 3/3
   225 | D:1      | Gained mutation: You are partially covered in icy blue
                  | scales. (AC +2) [demonic ancestry]
   225 | D:1      | Reached XP level 2. HP: 11/19 MP: 0/5
   257 | D:1      | Reached skill level 4 in Ice Magic
  1160 | D:2      | Noticed Terence
  1180 | D:2      | Reached XP level 3. HP: 21/24 MP: 3/6
  1184 | D:2      | Learned a level 3 spell: Frozen Ramparts
  1186 | D:2      | Learned a level 1 spell: Sandblast
  1236 | D:2      | Found a faded altar of an unknown god.
  1308 | D:2      | Killed Terence
  1751 | D:2      | Reached XP level 4. HP: 30/30 MP: 5/8
  2100 | D:2      | Learned a level 3 spell: Ozocubu's Armour
  3001 | D:3      | Noticed an ogre
  3011 | D:3      | Killed an ogre
  3012 | D:3      | Reached skill level 1 in Short Blades
  3012 | D:3      | Gained mutation: You have a small tail. [demonic ancestry]
  3012 | D:3      | Reached XP level 5. HP: 36/36 MP: 0/9
  3358 | D:4      | Noticed a necrophage
  3361 | D:4      | Noticed Eustachio
  3431 | D:4      | Found a transporter.
  3451 | D:4      | Reached skill level 1 in Armour
  3683 | D:4      | Found a transporter.
  3683 | D:4      | Noticed a3don's ghost (amateur DjFE)
  3805 | D:3      | Killed Eustachio
  3806 | D:3      | Reached skill level 5 in Ice Magic
  3806 | D:3      | Gained mutation: You have a tail ending in a sharp stinger.
                  | [demonic ancestry]
  3806 | D:3      | Reached XP level 6. HP: 30/42 MP: 6/11
  4005 | D:4      | Reached skill level 1 in Fighting
  4105 | D:4      | Gained mutation: You are partially covered in sharp spines.
                  | [demonic ancestry]
  4105 | D:4      | Reached XP level 7. HP: 27/48 MP: 10/13
  4459 | D:4      | Noticed Grinder
  4484 | D:4      | Paralysed by Grinder for 2 turns
  4491 | D:4      | Killed Grinder
  4901 | D:5      | Entered Level 5 of the Dungeon
  5207 | D:5      | Reached XP level 8. HP: 56/56 MP: 11/15
  5243 | D:5      | Found Zolokyim's Antique Armour Shop.
  5372 | D:5      | Found a staircase to the Ecumenical Temple.
  5382 | Temple   | Entered the Ecumenical Temple
  5431 | Temple   | Became a worshipper of Vehumet
  5606 | D:5      | Reached skill level 5 in Spellcasting
  6327 | D:6      | Noticed Menkaure
  6336 | D:6      | Killed Menkaure
  6337 | D:6      | Reached skill level 1 in Polearms
  6337 | D:6      | Reached skill level 6 in Ice Magic
  6359 | D:6      | Killed from afar by an electric eel

Illustrated notes

Levels and vault maps discovered:
D:1:      lemuel_arrival_funnel, layout_basic, serial_curves, eino_curves_04,
          eino_curves_02, eino_curves_04, minmay_misc_feat_nine_boxes,
          chequers_serial_rivers_micro_c, fountainhead
D:2:      layout_loops_ring, hellmonk_ecumenical_altar_lost_god, uniq_terence
D:3:      cheibrodos_helix_gallery, layout_basic, ebering_dispersal_statue_hall,
          serial_bayou_lagoon_a
D:4:      layout_gridville, gammafunk_ghost_arena, uniq_grinder, uniq_eustachio
D:5:      layout_basic, minmay_temple_entry_butterflies, serial_shops,
          nicolae_shop_window_shopping, hangedman_decor_opposing
D:6:      layout_cave_pools, grunt_gozag_statues, serial_park,
          serial_park_fountain, serial_park_gazebo
          [serial_park_minivault_5x5_7], serial_park_tiny_1, minivault_19,
          uniq_menkaure, uniq_sigmund
Temple:   mainiacjoe_temple_hex_bubbles

Skill      XL: |  1  2  3  4  5  6  7  8 |
---------------+-------------------------+-----
Ice Magic      | 4 5 6 |  6.0
Dodging        | 2 3 |  3.6
Stealth        | 2 |  2.0
Short Blades   | 1 2 3 4 |  4.3
Spellcasting   | 3 4 5 |  5.1
Armour         | 1 2 |  2.7
Fighting       | 1 2 3 |  3.0
Polearms       | 1 |  1.2
Shields        | |  0.9
Unarmed Combat | |  0.1

Action                   |  1- 3 |  4- 6 |  7- 9 || total
-------------------------+-------+-------+-------++-------
Melee: Unarmed           |    32 |       |       ||    32
       Short sword       |    19 |   119 |    83 ||   221
       Tailslap          |       |     8 |    25 ||    33
       Punch             |       |     3 |     1 ||     4
       Halberd           |       |       |    28 ||    28
 Cast: Freeze            |    55 |    30 |    10 ||    95
       Frozen Ramparts   |     2 |     5 |     2 ||     9
       Ozocubu's Armour  |       |     1 |     4 ||     5
  Use: Scroll            |       |       |     1 ||     1
 Stab: Sleeping          |       |     2 |     1 ||     3
Armor: Robe              |    19 |       |       ||    19
       Leather armour    |    12 |    82 |    34 ||   128
Dodge: Dodged            |    79 |   123 |    70 ||   272
       Repelled          |       |       |     2 ||     2
Block: Other             |       |       |    18 ||    18

Table legend: (Time is in decaauts)
 A = Elapsed time spent in this place.
 B = Non-inter-level travel time spent in this place.
 C = Inter-level travel time spent in this place.
 D = Time resting spent in this place.
 E = Time spent auto-exploring this place.
 F = Levels seen in this place.
 G = Mean time per level.
                   A        B        C        D        E       F      G
               +--------+--------+--------+--------+--------+-----+--------+
         Total |   6384 |   6216 |    168 |     22 |   5088 |   7 |  912.0 |
       Dungeon |   6315 |   6174 |    141 |     22 |   5048 |   6 | 1052.5 |
        Temple |     68 |     41 |     27 |      0 |     40 |   1 |   68.0 |
               +--------+--------+--------+--------+--------+-----+--------+

Top non-repeatable levels by time:
     D:3: 1352 daAuts
     D:4: 1336 daAuts
     D:1: 1198 daAuts
     D:2: 1030 daAuts
     D:5: 958 daAuts
     D:6: 439 daAuts
  Temple: 68 daAuts
